[Event "Early-Titled-Tuesday-Blitz-December-26-2023"]
[Site "Chess.com"]
[Date "2023.12.26"]
[Round "3"]
[White "FunnyDuck66"]
[Black "hsmile"]
[Result "1-0"]
[WhiteElo "2481"]
[BlackElo "2080"]
[TimeControl "180+1"]
[EndTime "8:28:14 PST"]
[Termination "FunnyDuck66 won on time"]

1. d4 Nf6 2. Nf3 d6 3. Bg5 Nbd7 4. Nbd2 h6 5. Bh4 g5 6. Bg3 Nh5 7. c3 Bg7 8. e4 e6 9. Bd3 Nxg3 10. hxg3 b6 11.
Qc2 Bb7 12. Nc4 Qe7 13. Ne3 O-O-O 14. O-O-O Kb8 15. Kb1 c5 16. d5 Ne5 17. Nxe5 Bxe5 18.
Bc4 h5 19. Qb3 Rde8 20. a4 h4 21. g4 Bf4 22. Nc2 exd5 23. exd5 Qc7 24. Rde1 a6 25. Na3 Ka7 26. a5 bxa5 27. Qa4 Qd8 28. Ba2 Be5 29. Nc4 Bxd5 30. Nxa5 Bxa2+ 31. Kxa2 Qb6 32. Nc4 Qb5 33. Qb3 Qxb3+ 34. Kxb3 f6 35. Rd1 Kb7 36.
Nxd6+ Bxd6 37. Rxd6 Rhf8 38. Rhd1 Re7 39. Ra1 Re2 40.
Raxa6 Rxf2 41. Rab6+ Kc7 42. Rbc6+ Kb7 43. Rxc5 Rb8 44.
Rb5+ Kc7 45. Rxb8 Kxb8 46. c4 Rxg2 47. Rxf6 h3 48. Rh6 h2 49. Rh7 Re2 50. c5 Re3+ 51. Kc4 Re4+ 52. Kd5 Rxg4 53. Rxh2 Rb4 54. Kc6 1-0

[Event "Early-Titled-Tuesday-Blitz-December-26-2023"]
[Site "Chess.com"]
[Date "2023.12.26"]
[Round "3"]
[White "alvarorodriguezavila"]
[Black "karinachess1"]
[Result "0-1"]
[WhiteElo "2283"]
[BlackElo "2578"]
[TimeControl "180+1"]
[EndTime "8:28:15 PST"]
[Termination "karinachess1 won on time"]

1. e4 e5 2. Nf3 d5 3. exd5 e4 4. Qe2 Nf6 5. Nc3 Be7 6. Nxe4 O-O 7.
d3 Nxd5 8. Bd2 Re8 9. Qd1 f5 10. Nc3 Bf6+ 11. Be2 Nxc3 12. bxc3 Qe7 13. d4 b6 14. Be3 Qa3 15. O-O Qxc3 16. Bd2 Qa3 17. Bc4+ Kh8 18. c3 Bb7 19. Bb3 Nd7 20. Ng5 Bxg5 21.
Bxg5 Qd6 22. Re1 Qg6 23. Qd2 h6 24. h4 hxg5 25. hxg5 Nf8 26. Qf4 Nh7 27. Qh2 Qxg5 28. f3 Bxf3 29. Rf1 Be4 30. Rf2 Rf8 31. Raf1 Rf6 32.
Qxc7 Rg6 33. g3 Qxg3+ 34. Qxg3 Rxg3+ 35. Kh2 Rg5 36. Rf4 g6 37. Rh4 Kg7 38. Re1 Nf6 39. d5 Ng4+ 40. Kg3 Nf6+ 41. Kf4 Rh5 42. Rxh5 Nxh5+ 43. Ke5 Re8+ 44. Kd4 Nf6 45. c4 f4 46. Rf1 f3 47.
Bd1 g5 48. Bxf3 Bxf3 49. Rxf3 Re4+ 50. Kd3 Re7 51. Kd4 Kg6 52. a4 g4 53. Rg3 Kg5 54. a5 Kf4 0-1

[Event "Early-Titled-Tuesday-Blitz-December-26-2023"]
[Site "Chess.com"]
[Date "2023.12.26"]
[Round "3"]
[White "SaqoChess_Twitch"]
[Black "CarlosjPineror"]
[Result "0-1"]
[WhiteElo "2645"]
[BlackElo "2495"]
[TimeControl "180+1"]
[EndTime "8:28:18 PST"]
[Termination "CarlosjPineror won by checkmate"]

1. d4 Nf6 2. c4 g6 3. Nc3 Bg7 4. Nf3 d6 5. h3 O-O 6. Bf4 Nc6 7. e3 Nd7 8. Be2 e5 9. dxe5 dxe5 10. Bg3 h6 11. Qc2 f5 12. h4 Nb4 13. Qb3 a5 14. a3 Nc5 15. Qd1 Nbd3+ 16. Bxd3 Nxd3+ 17. Ke2 e4 18. Ne1 Nxb2 19. Qb3 Be6 20. Nd5 Nxc4 21. Nxc7 Qd2+ 22. Kf1 Bf7 23. Rd1 Rad8 24. Rb1 Qd7 25. Kg1 Nd2 26. Qb6 Nxb1 27. h5 gxh5 28. Qxb1 Qd1 29. Qb5 Qxe1+ 30. Kh2 Qd2 31. Qxf5 Qd7 32. Qxe4 Bd5 33. Qg6 Qf7 34. Qb6 Bc6 35. Rc1 h4 36. Bf4 Rd2 37. Kg1 Rd7 38. Na6 Bxg2 39. Nc5 Bc6 40.
Nxd7 Qg6+ 41. Kf1 Qg2+ 42. Ke2 Bxd7 43. Qb3+ Kh8 44. Rc7 Bg4+ 45. Kd3 Rd8+ 46. Kc2 Qxf2+ 47. Kb1 Rd1+ 48. Rc1 Bf5+ 49. e4 Bxe4+ 50. Qd3 Bxd3# 0-1

[Event "Early-Titled-Tuesday-Blitz-December-26-2023"]
[Site "Chess.com"]
[Date "2023.12.26"]
[Round "3"]
[White "Onischuk_V"]
[Black "rasmussvane"]
[Result "0-1"]
[WhiteElo "2695"]
[BlackElo "2931"]
[TimeControl "180+1"]
[EndTime "8:28:21 PST"]
[Termination "rasmussvane won by resignation"]

1. e4 c6 2. Nc3 d5 3. Nf3 dxe4 4.
Nxe4 Nf6 5. Nxf6+ exf6 6. Bc4 Bd6 7.
Qe2+ Be7 8. d4 O-O 9. Be3 Nd7 10. O-O-O Nb6 11. Bd3 Nd5 12. c3 b5 13. Qc2 h6 14. Qd2 Bd6 15. Kb1 f5 16. g3 Qf6 17.
Rde1 Be6 18. Rhg1 Rfe8 19. Bf4 Nxf4 20. gxf4 a6 21. Ne5 c5 22. Rg3 cxd4 23. cxd4 Rad8 24. Reg1 Bf8 25. Qe3 Rd6 26. Bc2 Red8 27. Rd1 Bd5 28. Bb3 Bxb3 29. axb3 Qe6 30. Nf3 Qd5 31. Ne5 a5 32. Qd3 Qxd4 33. Qxd4 Rxd4 34. Rgd3 Rxd3 35. Rxd3 Rxd3 36. Nxd3 Bd6 37. Kc2 g5 38. Kc3 Kg7 39.
Kd4 Kf6 40. Kd5 Be7 41. Kc6 b4 42. Kd5 Bf8 43. Ne5 Be7 44. Nc6 Bf8 45. Nxa5 gxf4 46. f3 Kg5 47. Nc6 Kh4 48. Ke5 Kh3 49. Kxf4 Kxh2 50.
Kxf5 Kg3 51. Ne5 h5 52. Nxf7 h4 53. Ng5 h3 54. Nxh3 Kxh3 55. f4 Bg7 56. Kg6 Bxb2 57. f5 Kg4 58. f6 Bxf6 59. Kxf6 Kf4 60. Ke6 Ke4 61. Kd6 Kd4 0-1

[Event "Early-Titled-Tuesday-Blitz-December-26-2023"]
[Site "Chess.com"]
[Date "2023.12.26"]
[Round "3"]
[White "ketster"]
[Black "Msb2"]
[Result "0-1"]
[WhiteElo "2540"]
[BlackElo "3013"]
[TimeControl "180+1"]
[EndTime "8:28:22 PST"]
[Termination "Msb2 won on time"]

1. d4 d5 2. c3 e6 3. Nf3 c5 4. g3 Nc6 5. Bg2 Nf6 6. O-O Be7 7. b3 O-O 8. Bb2 b6 9. Nbd2 cxd4 10. cxd4 Ba6 11.
Re1 Rc8 12. a3 h6 13. b4 Bd6 14. Qa4 Bb7 15. Rac1 Qd7 16. Qb3 Rc7 17. Ne5 Qe7 18. e4 Bxe5 19. dxe5 Nxe4 20. Nxe4 dxe4 21. Bxe4 Nd4 22. Rxc7 Qxc7 23. Bxd4 Bxe4 24. Rxe4 Qc1+ 25. Kg2 Rd8 26. Qc3 Qd1 27. f3 Kh7 28. Bf2 Rd2 29.
Rd4 Rxd4 30. Qxd4 Qb3 31. Qe3 Qb2 32. Qd3+ Kg8 33. f4 Qa2 34. b5 Qb2 35. Kf3 Qa2 36. h4 Qa1 37. Kg2 Qa2 38. Qf3 Kh7 39. Qe4+ g6 40.
Qa4 Qd5+ 41. Kg1 Qd7 42. Qd4 Qxb5 43. h5 Qb1+ 44. Kg2 gxh5 45. Qd7 Qe4+ 46. Kg1 Qb1+ 47. Kh2 Kg7 48. Qxa7 Qb2 49. Kg2 b5 50. Qc5 Qb1 51. Qb4 Qd3 52. Qc5 Qe4+ 53. Kg1 Qb1+ 54. Kh2 Qd3 55. Qe3 Qc2 56. Kg2 Qb2 57. Qf3 Qb1 58. Kh2 Kg6 59. Kg2 Qb2 60. Qe3 Qb1 61. Qc3 Qe4+ 62.
Kg1 Qb1+ 63. Kh2 Kg7 64. Qb4 Qc2 65. Kg2 Qc6+ 66. Kg1 Qc1+ 67. Kg2 Qc6+ 68. Kh2 Qc2 69. Qd4 Qb3 70. Qc5 Qf3 71. Qe3 Qd1 72. Kg2 Qd5+ 73. Qf3 Qa2 74. Qxh5 Qxa3 75. Qg4+ Kh7 76. Qh4 b4 77.
Qf6 Qa8+ 78. Kg1 Qb7 79. Be3 b3 80. f5 b2 81. Qxh6+ Kg8 82. Qg5+ Kf8 83. Bc5+ Ke8 84. Qg8+ Kd7 85. Qxf7+ Kc6 86. Qxe6+ Kxc5 87. Qd6+ Kc4 88.
Qe6+ Kc3 0-1

[Event "Early-Titled-Tuesday-Blitz-December-26-2023"]
[Site "Chess.com"]
[Date "2023.12.26"]
[Round "3"]
[White "albi1999"]
[Black "bascheyaro"]
[Result "1-0"]
[WhiteElo "2680"]
[BlackElo "2812"]
[TimeControl "180+1"]
[EndTime "8:28:28 PST"]
[Termination "albi1999 won by resignation"]

1. d4 d5 2. Nf3 Nf6 3. c4 c6 4. e3 Bf5 5. Nc3 e6 6. Nh4 Be4 7. f3 Bg6 8. Bd2 Nbd7 9. Qb3 Qb6 10. Nxg6 hxg6 11. Be2 Bd6 12. f4 g5 13. c5 Qxb3 14. axb3 Bc7 15. fxg5 Bg3+ 16. Kd1 Ne4 17. Nxe4 dxe4 18. Kc2 Rxh2 19. Rxh2 Bxh2 20. Rh1 Bg3 21. Rh3 Bc7 22. Rh4 Ke7 23. Rxe4 Rh8 24. Rg4 Rh1 25. b4 a6 26. e4 Nf8 27. Bc3 Ng6 28. Bf3 Nf4 29.
d5 exd5 30. exd5 cxd5 31. Bxg7 Ke6 32. Bd4 Kf5 33. Bc3 Rh2 34. Rg3 Be5 35. Bg4+ Ke4 36. Bf3+ Kf5 37. Bg4+ Ke4 38. Bd2 d4 39. Bf3+ Kf5 40.
Bxb7 d3+ 41. Kb3 Rh1 42. Bxf4 Bxf4 43. Rxd3 Bxg5 44. c6 Bf4 45. Bxa6 Rc1 46. Rc3 Ra1 47. Bc8+ Kf6 48. Rf3 Kg5 49. Bd7 Ra7 50. b5 Bc7 51. Kc4 f6 52. Kc5 Ra5 53. Ra3 Rxa3 54. bxa3 Bd8 55. b6 Be7+ 56. Kb5 Bxa3 57. c7 Bd6 58.
c8=Q f5 59. Qe8 Kf4 60. Qe6 Ba3 61. Qxf5+ Ke3 62. Qf3+ Kd4 63. Qxa3 1-0

[Event "Early-Titled-Tuesday-Blitz-December-26-2023"]
[Site "Chess.com"]
[Date "2023.12.26"]
[Round "3"]
[White "ftorodent"]
[Black "zverr1"]
[Result "1-0"]
[WhiteElo "2670"]
[BlackElo "2480"]
[TimeControl "180+1"]
[EndTime "8:28:28 PST"]
[Termination "ftorodent won by checkmate"]

1. d4 Nf6 2. c4 g6 3. Nf3 Bg7 4. Nc3 d5 5. cxd5 Nxd5 6. Bg5 Nxc3 7. bxc3 O-O 8. e3 c5 9. Qd2 Nc6 10. Be2 b6 11. Rc1 Bb7 12. O-O Qd6 13. Rfd1 Rfd8 14.
Qb2 Qc7 15. Qb1 Rac8 16. Bh4 Na5 17. Nd2 h6 18. Bg4 Rb8 19. Bg3 e5 20. Bf3 Rbc8 21.
Bxb7 Nxb7 22. Nc4 f6 23. Qxg6 b5 24. dxe5 bxc4 25. exf6 Qf7 26. Rxd8+ Rxd8 27. Qxf7+ Kxf7 28. fxg7 Kxg7 29. Kf1 Rd2 30. Rb1 Nd8 31. Rb5 Rxa2 32. Rxc5 a5 33. Bc7 Ne6 34. Rxa5 Rc2 35. Be5+ Kf7 36.
h4 Rc1+ 37. Ke2 Rc2+ 38. Kf3 Ke8 39. g4 Rc1 40. Ke4 Rh1 41. Bf6 Kf7 42. Kf5 Nf8 43. Ra7+ Kg8 44. Rg7+ Kh8 45. Rc7+ Kg8 46. Rxc4 Rh3 47.
g5 Rf3+ 48. Rf4 Rh3 49. g6 h5 50. Kg5 Nh7+ 51. gxh7+ Kxh7 52. Kxh5 Rh1 53. Bg5 Rg1 54. Rf7+ Kg8 55. Kg6 Rg2 56. Rd7 Rxf2 57. Rd8+ Rf8 58. Rxf8+ Kxf8 59. h5 Kg8 60. h6 Kh8 61. Bf6+ Kg8 62.
h7+ Kf8 63. h8=Q# 1-0

[Event "Early-Titled-Tuesday-Blitz-December-26-2023"]
[Site "Chess.com"]
[Date "2023.12.26"]
[Round "3"]
[White "Angry_Twin"]
[Black "Shahdad2007"]
[Result "0-1"]
[WhiteElo "2938"]
[BlackElo "2337"]
[TimeControl "180+1"]
[EndTime "8:28:29 PST"]
[Termination "Shahdad2007 won by checkmate"]

1. e4 c5 2. Nf3 d6 3. d4 cxd4 4. Nxd4 Nf6 5. Nc3 a6 6. Be3 Ng4 7. Bc1 Nf6 8. f3 Qb6 9. Nb3 e6 10. Qd3 Qc7 11. Bf4 Nbd7 12. O-O-O Ne5 13. Qe3 b5 14. a3 Be7 15. h4 h5 16. Bg5 Bb7 17. Qd4 Rc8 18. Kb1 O-O 19. Be2 Rfd8 20. Bf4 Nc4 21. Bc1 Nxa3+ 22. bxa3 Qxc3 23. Qxc3 Rxc3 24. Bb2 Rc7 25. Bd3 Rdc8 26. Rhe1 d5 27. e5 Nd7 28. g3 Nb6 29. Ka2 Na4 30. f4 Nxb2 31. Kxb2 g6 32.
Be2 Rxc2+ 33. Kb1 Bxa3 34. Rd2 Rxd2 35. Nxd2 Bb4 36. Rd1 Bxd2 37. Rxd2 Kf8 38. Kb2 Ke7 39. Bd3 Kd7 40. Kb3 Kc7 41. g4 hxg4 42. Rg2 d4 43. Rxg4 Bd5+ 44. Kb2 Kb6 45. h5 gxh5 46. Rg7 Rc3 47.
Bc2 Rc7 48. f5 exf5 49. Bxf5 Re7 50. Kc2 Rxe5 51. Bd7 a5 52. Kd3 Kc5 53. Rg8 Bc4+ 54.
Kd2 Re2+ 55. Kd1 Kb4 56. Rb8 d3 57. Rc8 Bb3+ 58. Kc1 d2+ 59. Kb1 d1=Q+ 60. Rc1 Ba2+ 61. Ka1 Qxc1# 0-1

[Event "Early-Titled-Tuesday-Blitz-December-26-2023"]
[Site "Chess.com"]
[Date "2023.12.26"]
[Round "3"]
[White "maciek_92"]
[Black "JafarTheParrot"]
[Result "1-0"]
[WhiteElo "2865"]
[BlackElo "2522"]
[TimeControl "180+1"]
[EndTime "8:28:29 PST"]
[Termination "maciek_92 won by resignation"]

1. c4 Nf6 2. Nc3 c6 3. Nf3 d5 4. e3 g6 5. d4 Bg7 6. Qb3 a6 7. c5 Nbd7 8. Be2 e5 9. O-O e4 10. Ne1 O-O 11. f3 exf3 12. Bxf3 Qe7 13. Nd3 Ne4 14. Nf2 Ng5 15. Be2 f5 16. Bd2 Nf6 17.
Kh1 Be6 18. Qc2 h5 19. Nd3 Nfe4 20. Be1 Kh7 21. Bh4 Bf6 22. Nf4 Rae8 23. Rae1 Bc8 24. Bd1 Nf7 25. Bxf6 Qxf6 26. Nxe4 Rxe4 27. Bf3 Re7 28.
Bxd5 cxd5 29. Nxd5 Qe6 30. Nxe7 Qxe7 31. e4 Re8 32.
Qc4 Ng5 33. e5 Ne4 34. Rxe4 Be6 35. d5 fxe4 36. Qxe4 Bf5 37. Rxf5 gxf5 38. Qxf5+ Kh6 39. e6 Rf8 40. Qd3 Qxc5 41. Qd2+ Kg6 42. h4 Rf2 43.
Qg5+ Kh7 44. Qxh5+ Kg7 45. Qg5+ Kf8 46. Qd8+ Kg7 47. Qg5+ Kf8 48. Qh6+ Ke7 49. Qh7+ Kf6 50.
Qh6+ Ke5 51. Qg5+ Kd6 52. Qd8+ Ke5 53. Qg5+ Ke4 54. e7 Rf1+ 55. Kh2 Qg1+ 56. Kh3 Qh1+ 57. Kg3 Kd3 58. e8=Q Re1 59. Qeg6+ Kc4 60. d6 Qf1 61. Qf4+ 1-0

[Event "Early-Titled-Tuesday-Blitz-December-26-2023"]
[Site "Chess.com"]
[Date "2023.12.26"]
[Round "3"]
[White "szefru"]
[Black "robertoalejandro10"]
[Result "0-1"]
[WhiteElo "2260"]
[BlackElo "2533"]
[TimeControl "180+1"]
[EndTime "8:28:29 PST"]
[Termination "robertoalejandro10 won by checkmate"]

1. e4 c5 2. Nf3 g6 3. Nc3 Bg7 4. Bc4 Nc6 5. O-O d6 6. d3 Nf6 7. Bg5 Bg4 8. h3 Bxf3 9. Qxf3 Ne5 10. Qe2 Nxc4 11. dxc4 O-O 12. Bxf6 Bxf6 13. Nd5 Bxb2 14. Rab1 Bg7 15. Rxb7 e6 16. Ne3 Qa5 17. Qd3 Bd4 18. Ng4 Rab8 19. Rfb1 Rxb7 20. Rxb7 h5 21. Nh2 Qe1+ 22. Qf1 Bxf2+ 23. Kh1 Qd2 24. Rxa7 Qxc2 25.
Rb7 Ra8 26. Nf3 Rxa2 27. Rb8+ Kg7 28. Rb1 Be3 29. e5 d5 30. cxd5 exd5 31. e6 fxe6 32. Nd4 Qxg2+ 33. Qxg2 Rxg2 34. Nxe6+ Kf6 35. Kxg2 Kxe6 36.
Kf3 Bd4 37. Kf4 c4 38. Rd1 Bf6 39. Ke3 Ke5 40. Rg1 d4+ 41. Ke2 g5 42. Kd2 Ke4 43. Re1+ Kd5 44. Rf1 Be5 45. Kc2 Bf4 46. Re1 d3+ 47.
Kc3 Be5+ 48. Kd2 Kd4 49. h4 Bf4+ 50. Kd1 c3 51. Re2 dxe2+ 52. Kxe2 c2 53. hxg5 c1=Q 54. g6 Qe3+ 55. Kf1 Bg3 56. Kg2 Qf2+ 57. Kh3 Qh2# 0-1

[Event "Early-Titled-Tuesday-Blitz-December-26-2023"]
[Site "Chess.com"]
[Date "2023.12.26"]
[Round "3"]
[White "JimDiGrease"]
[Black "DarkAlekhine"]
[Result "1-0"]
[WhiteElo "2983"]
[BlackElo "2720"]
[TimeControl "180+1"]
[EndTime "8:28:30 PST"]
[Termination "JimDiGrease won on time"]

1. d4 g6 2. c4 Bg7 3. e4 Nc6 4. d5 Nd4 5. Ne2 c5 6. Nbc3 e5 7. dxe6 dxe6 8. Be3 Ne7 9. Qd2 Nec6 10. Nf4 O-O 11. Be2 b6 12. O-O Bb7 13. Rad1 Qh4 14. Nh3 Qe7 15. Bh6 Rad8 16. Qc1 Rd7 17. Bxg7 Kxg7 18.
f4 Rfd8 19. Qe3 f5 20. Ng5 h6 21. Nf3 Nxf3+ 22. Bxf3 Nd4 23. exf5 Nxf3+ 24. gxf3 gxf5 25. Rxd7 Rxd7 26. Rd1 Rxd1+ 27. Nxd1 Qd6 28. Nc3 Kf6 29. Kf2 a6 30. b3 Bc6 31. Ne2 b5 32. Ng3 Be8 33.
Qc3+ Qd4+ 34. Qxd4+ cxd4 35. Ke2 bxc4 36. bxc4 e5 37. Kd3 Ba4 38. fxe5+ Kxe5 39. Ne2 f4 40. Nxd4 Bd1 41. h4 h5 42. a3 a5 43. Nc6+ Kd6 44. Nxa5 Bxf3 45. Kd4 Ba8 46. c5+ Ke6 47. c6 f3 48. Ke3 Kd6 49. Kxf3 Kc5 50. Kf4 Kb5 51. c7 Bb7 52. Nxb7 1-0

[Event "Early-Titled-Tuesday-Blitz-December-26-2023"]
[Site "Chess.com"]
[Date "2023.12.26"]
[Round "3"]
[White "Iskusnyh"]
[Black "secrethawk1"]
[Result "1-0"]
[WhiteElo "2623"]
[BlackElo "2429"]
[TimeControl "180+1"]
[EndTime "8:28:30 PST"]
[Termination "Iskusnyh won on time"]

1. d4 Nf6 2. c4 e6 3. g3 d5 4. Bg2 Be7 5. Nf3 O-O 6. O-O dxc4 7. Na3 Nc6 8. Nxc4 Rb8 9. Bf4 Nd5 10.
Bd2 Nf6 11. Rc1 Nxd4 12. Nxd4 Qxd4 13. Bf4 Qxd1 14. Rfxd1 Nd5 15. Bd2 Bf6 16. e4 Nb6 17. Bb4 Re8 18. e5 Bd8 19. Ne3 c6 20. Bd6 Ra8 21.
b4 Nd5 22. Nc4 b6 23. b5 cxb5 24. Ne3 Bb7 25. Nxd5 exd5 26. Bxd5 Bxd5 27. Rxd5 a6 28. f4 f6 29. Kg2 fxe5 30. fxe5 h6 31. Kf3 Kf7 32.
Ke4 Ke6 33. Rc6 Kf7 34. Rd2 Ra7 35. Kd5 Be7 36. Rf2+ Kg8 37. Rxb6 Rd7 38. Rxa6 Bg5 39. h4 Be3 40. Rf3 Ba7 41. e6 Rb7 42. Kc6 Rb6+ 43. Rxb6 Bxb6 44. Kxb6 Rxe6 45. Kc5 b4 46. Bf4 Ra6 47.
Kxb4 Rxa2 48. Kc4 Ra4+ 49. Kd5 Ra8 50. Ke6 Kh7 51. Kf5 g6+ 52. Kg4 Ra4 53. Rc3 h5+ 54. Kg5 Ra5+ 55. Kf6 1-0

[Event "Early-Titled-Tuesday-Blitz-December-26-2023"]
[Site "Chess.com"]
[Date "2023.12.26"]
[Round "3"]
[White "missponyo10"]
[Black "wild3000"]
[Result "0-1"]
[WhiteElo "2224"]
[BlackElo "2422"]
[TimeControl "180+1"]
[EndTime "8:28:30 PST"]
[Termination "wild3000 won by checkmate"]

1. e4 a6 2. d3 b5 3. Nd2 Bb7 4. Ngf3 c5 5. g3 e6 6. Bg2 d5 7. exd5 exd5 8. O-O Be7 9. Re1 Nf6 10.
Nf1 O-O 11. Ne3 g6 12. Nf1 Re8 13. Bh6 Nc6 14. h4 Ng4 15. Bf4 h5 16. N1h2 Nxh2 17. Nxh2 Qd7 18. Qf3 Nd4 19. Qd1 Bf6 20. c3 Rxe1+ 21.
Qxe1 Nc2 22. Qd1 Nxa1 23. Qxa1 d4 24. Bxb7 Qxb7 25. Qe1 dxc3 26. bxc3 Qd7 27. Qe4 Re8 28. Qf3 Qe6 29. Nf1 Bxc3 30. Ne3 Bd4 31. Nd5 Qg4 32.
Qg2 Re1+ 33. Kh2 Re2 34. Be3 Kg7 35. Nf4 Rxa2 36. Qe4 Qf5 37. Bxd4+ cxd4 38. Qxd4+ Qf6 39. Qc5 Rb2 40. Kg2 a5 41. d4 a4 42. d5 Rb3 43. d6 a3 44. Qd5 a2 45. d7 a1=Q 46. d8=Q Qxd8 47. Qxd8 Qe5 48. Qd1 Rb2 49. Qa1 b4 50. Qc1 Qd4 51. Qe1 b3 52. Nh3 Rc2 53. Qb1 Qe4+ 54. Kg1 b2 55. Ng5 Rc1+ 56. Kh2 Rxb1 57.
Nxe4 Rc1 58. Nc3 Rxc3 59. f4 b1=Q 60. g4 Qb2+ 61. Kh1 Rc1# 0-1

[Event "Early-Titled-Tuesday-Blitz-December-26-2023"]
[Site "Chess.com"]
[Date "2023.12.26"]
[Round "3"]
[White "Evgeny81"]
[Black "Jospem"]
[Result "0-1"]
[WhiteElo "2761"]
[BlackElo "3071"]
[TimeControl "180+1"]
[EndTime "8:28:31 PST"]
[Termination "Jospem won on time"]

1. d4 Nf6 2. c4 e6 3. Nf3 Bb4+ 4. Bd2 c5 5. Bxb4 cxb4 6. g3 b6 7. Bg2 Bb7 8. O-O a5 9. Nbd2 O-O 10. Rc1 d6 11.
Ne1 Bxg2 12. Nxg2 Nc6 13. Nf3 Ne7 14. Qd3 Rc8 15. e4 Nd7 16. Ne3 Re8 17. Rfd1 h6 18.
a3 Nc6 19. Kg2 Qe7 20. h4 Red8 21. axb4 Nxb4 22. Qb1 Nf6 23. b3 Qb7 24. d5 Re8 25.
Nd4 Na6 26. f3 Nc5 27. Nc6 Nfd7 28. Nd4 Qb8 29. dxe6 fxe6 30. Nb5 Nb7 31. Qb2 Rf8 32.
Qd4 Ndc5 33. Rc3 Rcd8 34. Ng4 Rd7 35. Qe3 e5 36. Qe2 Rdf7 37. Rf1 Ne6 38. Rd3 Nbc5 39. Rxd6 Nd4 40. Rxd4 exd4 41. Nxd4 Re8 42. Ne3 Qe5 43.
Ndc2 Nxb3 44. Nd5 Nd4 45. Nxd4 Qxd4 46. Rd1 Qc5 47. Rb1 a4 48. Rxb6 Ra8 49. Rb5 Qd4 50. Rb2 a3 51. Ra2 Rb7 52. Kh3 Rb2 53. Rxb2 axb2 54. Qe1 Rb8 55. Qb1 Qxc4 56. Ne7+ Kf8 57. Nf5 g6 0-1

[Event "Early-Titled-Tuesday-Blitz-December-26-2023"]
[Site "Chess.com"]
[Date "2023.12.26"]
[Round "3"]
[White "MikeSailer"]
[Black "LeoLV10"]
[Result "1-0"]
[WhiteElo "2190"]
[BlackElo "2480"]
[TimeControl "180+1"]
[EndTime "8:28:39 PST"]
[Termination "MikeSailer won by resignation"]

1. d4 Nf6 2. Nc3 d5 3. Bf4 e6 4. e3 c5 5. Nb5 Na6 6. a4 Be7 7.
c3 O-O 8. Bd3 Bd7 9. Nf3 Bc6 10.
h3 Ne4 11. Bxe4 dxe4 12. Ne5 f6 13. Nxc6 bxc6 14. Na3 cxd4 15. exd4 Qd5 16. O-O Rfd8 17. Qe2 Nb8 18. Rfe1 f5 19. Be5 Nd7 20. Bc7 Bxa3 21. Bxd8 Rxd8 22. Rxa3 Nf6 23. Qa6 Rd7 24. Qc8+ Kf7 25.
a5 Nh5 26. Qb8 g5 27. a6 Nf4 28. Rb3 e3 29. f3 c5 30. Rb7 cxd4 31. Qh8 Ke7 32. Qxh7+ Ke8 33. Qg8+ Ke7 34. Qg7+ Ke8 35. Rb8+ Rd8 36. Qg8+ Ke7 37. Qxg5+ Ke8 38. Qxd8+ Qxd8 39. Rxd8+ Kxd8 40. cxd4 Nd5 41. Kf1 f4 42. Ke2 Nb4 43. Ra1 Nc2 44. Rc1 Nxd4+ 45. Ke1 Nf5 46. Rc5 Kd7 47.
Re5 Kd6 48. Re4 e5 49. Ra4 Nd4 50. Rb4 Nc6 51. Rb7 e4 52. fxe4 Ke5 53. Ke2 Nd4+ 54. Kd3 e2 55. Kd2 Kxe4 56. Re7+ Kd5 57. Rd7+ Ke4 58.
Rxd4+ Kxd4 59. Kxe2 Ke4 60. b4 Kd4 61. h4 f3+ 62. gxf3 Kc4 63. h5 1-0

[Event "Early-Titled-Tuesday-Blitz-December-26-2023"]
[Site "Chess.com"]
[Date "2023.12.26"]
[Round "3"]
[White "viviania"]
[Black "Ramla2020"]
[Result "1-0"]
[WhiteElo "2828"]
[BlackElo "2459"]
[TimeControl "180+1"]
[EndTime "8:28:40 PST"]
[Termination "viviania won by resignation"]

1. e4 e5 2. Nf3 d6 3. d4 Nd7 4.
Bc4 c6 5. c3 b5 6. Bb3 Be7 7.
a4 Ngf6 8. axb5 cxb5 9. Nbd2 O-O 10. O-O a5 11. Re1 Qc7 12. Nf1 h6 13. Ng3 Re8 14. Nh4 Nb6 15. Nhf5 Bf8 16. Qf3 a4 17. Ba2 Nh7 18. h4 Nc4 19. h5 Bb7 20. Bb1 Kh8 21.
d5 Na5 22. Be3 Nb3 23. Ra2 Qc4 24. Qd1 Qc7 25. Bc2 Nc5 26. Rf1 Qb6 27. f4 exf4 28. Rxf4 Ng5 29. Bd4 Kh7 30. Qd2 f6 31. Ra1 Qc7 32.
Raf1 Kg8 33. Rg4 Nd7 34. Nxh6+ gxh6 35. Bxf6 Nxf6 36. Rxf6 Bg7 37. Rg6 Bc8 38. Nf5 Bxf5 39. exf5 Rf8 40. R4xg5 hxg5 41. h6 Rf7 42. f6 a3 43.
bxa3 Rxa3 44. hxg7 Qc5+ 45. Kh2 Rxc3 46. Rh6 Rxg7 47. fxg7 Qe3 48. Qxe3 Rxe3 49. Rxd6 Kxg7 50. Rb6 Rc3 51. Be4 Rc5 52. d6 Rc4 53. d7 Rd4 54. Rxb5 Kf6 55. Rd5 Rxd5 56. Bxd5 Ke7 57. Be6 Kd8 58.
Kg3 Ke7 59. Kg4 1-0

[Event "Early-Titled-Tuesday-Blitz-December-26-2023"]
[Site "Chess.com"]
[Date "2023.12.26"]
[Round "3"]
[White "hakanazeri2"]
[Black "Barbix1"]
[Result "1-0"]
[WhiteElo "2576"]
[BlackElo "2280"]
[TimeControl "180+1"]
[EndTime "8:28:45 PST"]
[Termination "hakanazeri2 won by resignation"]

1. e4 c5 2. Nf3 g6 3. c3 d5 4.
exd5 Qxd5 5. d4 Bg7 6. dxc5 Qxc5 7. Be3 Qa5 8. Nbd2 Nc6 9. Be2 Nf6 10. O-O O-O 11.
Nc4 Qd8 12. Qxd8 Rxd8 13. Rad1 Be6 14. Nd4 Nxd4 15. Bxd4 Nd5 16. g3 b5 17. Na5 Nb6 18. Nc6 Rd7 19. Bxb5 Nd5 20. Bxg7 Kxg7 21. Nb4 Rd6 22. Bc6 Rad8 23. Nxd5 Bxd5 24. Bxd5 Rxd5 25. Rxd5 Rxd5 26. Re1 Kf6 27. Re2 Rd1+ 28. Kg2 Ra1 29. b3 Rc1 30. c4 e5 31. Rd2 Ke6 32. f3 f5 33. h4 Rc3 34. g4 e4 35. gxf5+ gxf5 36. fxe4 fxe4 37. Rd8 Ke5 38. Kf2 Kf4 39. Rf8+ Kg4 40.
Rf7 Kxh4 41. Rxh7+ Kg4 42. Rxa7 Kf4 43. Rf7+ Ke5 44.
Ke2 Kd4 45. Rd7+ Ke5 46. Kd2 Rh3 47. c5 Rh2+ 48. Kc3 Rh3+ 49. Kb4 e3 50. Kc3 Ke4 51. Re7+ Kf3 52. Kd3 Rh6 53. Rxe3+ Kf4 54. Re4+ Kf5 55. Rd4 Ke5 56. Kc4 Re6 57. Rd1 Rh6 58. Re1+ Kf6 59. b4 Kf7 60. Kb5 Rg6 61. a4 Rg2 62. a5 1-0

[Event "Early-Titled-Tuesday-Blitz-December-26-2023"]
[Site "Chess.com"]
[Date "2023.12.26"]
[Round "3"]
[White "Semetey"]
[Black "WindWhistler11"]
[Result "1-0"]
[WhiteElo "2631"]
[BlackElo "2445"]
[TimeControl "180+1"]
[EndTime "8:28:57 PST"]
[Termination "Semetey won on time"]

1. Nf3 Nf6 2. e3 e6 3. b3 b6 4. Bb2 Bb7 5. c4 c5 6. Be2 d6 7.
O-O Nbd7 8. d4 Be7 9. Nc3 a6 10.
Qc2 cxd4 11. Nxd4 O-O 12. Rfd1 Qc7 13. Rac1 Rfd8 14. e4 Nf8 15. f4 Ng6 16. g3 Bf8 17. Bf3 e5 18. Nde2 exf4 19. gxf4 Nh5 20. Qd2 Nf6 21. Nd5 Nxd5 22. cxd5 Qe7 23. Kh1 Rac8 24. Bd4 b5 25. Ng3 Nh4 26. Bg4 f5 27. Bh3 Rxc1 28. Qxc1 Bc8 29. e5 Nf3 30. e6 Nxd4 31. Rxd4 Qf6 32.
Rd2 g6 33. Rg2 Bh6 34. Bxf5 Kh8 35. Qc7 Rg8 36. Qf7 Qa1+ 37. Rg1 Qd4 38. Be4 Qg7 39.
f5 Qxf7 40. exf7 Rf8 41. fxg6 hxg6 42. Bxg6 Bg4 43. Ne4 Bf3+ 44. Rg2 Kg7 45. Bh5+ Bxg2+ 46. Kxg2 Bf4 47. h4 Be5 48. Kf3 Rc8 49. Kg4 Kf8 50. Bg6 Rc2 51. h5 Rg2+ 52. Kf5 Rxa2 53. Ke6 Re2 54. Nxd6 Bh2+ 55. Kd7 Rd2 56. Kc6 Rc2+ 57.
Kd7 Rd2 58. Ke6 Bxd6 59. Kxd6 a5 60. Kc5 a4 61. bxa4 bxa4 62. h6 a3 63. h7 Rh2 64. d6 a2 65. d7 Rd2 66. h8=Q+ Ke7 67.
f8=Q+ 1-0

[Event "Early-Titled-Tuesday-Blitz-December-26-2023"]
[Site "Chess.com"]
[Date "2023.12.26"]
[Round "3"]
[White "BardArtem"]
[Black "stollenmonster"]
[Result "0-1"]
[WhiteElo "2700"]
[BlackElo "2927"]
[TimeControl "180+1"]
[EndTime "8:29:00 PST"]
[Termination "stollenmonster won by resignation"]

1. e4 e5 2. Nf3 Nc6 3. Bc4 g6 4. d4 exd4 5. c3 Bg7 6. cxd4 d6 7. h3 Nge7 8. Nc3 O-O 9. O-O h6 10. Re1 Kh7 11. Bf4 f5 12. e5 d5 13. Bd3 Be6 14.
h4 Nb8 15. Rc1 Nd7 16. Ne2 Rc8 17. b4 c6 18. Be3 Rf7 19. Nf4 Nf8 20. b5 Qd7 21.
bxc6 Rxc6 22. Qb3 Qc7 23. Bd2 a6 24. Rb1 b5 25. Bb4 Bc8 26. e6 Nxe6 27. Nxe6 Bxe6 28. Ne5 Rc4 29. Nxc4 dxc4 30. Qd1 Bd5 31. Bc2 Nc6 32.
Bc5 Qf4 33. Re3 Qxh4 34. Rh3 Qg5 35. Rg3 Qf4 36. a4 Nxd4 37. axb5 axb5 38. Rxb5 Nxb5 39. Qxd5 Rc7 40. Be3 Qe5 41. Qf3 Nd4 42. Bxd4 Qxd4 43. Rxg6 Qa1+ 44. Kh2 Be5+ 45. g3 Kxg6 46. Qxf5+ Kg7 47.
Qh7+ Kf8 48. Qxh6+ Ke7 49. Bf5 Bf6 50. Qe3+ Qe5 51.
Qf3 c3 52. Bc2 Rc5 53. Qb7+ Rc7 54. Qb4+ Kd8 55. Qb8+ Kd7 56. Ba4+ Ke7 57. Qb4+ Qc5 58. Qe4+ Qe5 59. Qh7+ Kd6 60. Qd3+ Kc5 61. Qb5+ Kd6 62. Qd3+ Qd4 63. Qa6+ Ke7 64. Bb3 Qxf2+ 65. Kh3 Qf5+ 66.
Kg2 Qe4+ 67. Kh2 c2 68. Qa3+ Kd7 69. Qa4+ Qxa4 70. Bxa4+ Kd6 0-1